 Dungeon Crawl Stone Soup version 0.16.0-12-g7215832 (webtiles) character file.

78 HungrySpirit the Sneak (level 4, 0/23 HPs)
             Began as a Vine Stalker Assassin on Mar 18, 2015.
             Slain by an adder (1 damage)
             ... on level 2 of the Dungeon.
             The game lasted 00:02:05 (1025 turns).

HungrySpirit the Sneak (Vine Stalker Assassin)      Turns: 1025, Time: 00:02:05

Health: 0/23       AC:  3    Str: 18    XL:     4   Next: 36%
Magic:  0/5        EV: 12    Int: 11    God:
Gold:   147        SH:  0    Dex: 17    Spells: 0 memorised, 3 levels left

rFire  . . .     SeeInvis .     a - +2 dagger
rCold  . . .     Clarity  .     c - +0 robe
rNeg   . . .     SustAb   .     (no shield)
rPois  .         Gourm    .     (no helmet)
rElec  .         Spirit   +     d - +0 cloak
rCorr  .         Warding  .     (no gloves)
rMut   .         Stasis   .     (no boots)
MR     .....                    (no amulet)
Stlth  +++.......               (no ring)
                                (no ring)

@: mighty, lethally poisoned (0 -> -7), not resistant to hostile enchantments,
fairly stealthy
A: fangs 2, regeneration 1, magic shield, antimagic bite, no device heal 3, rot
immunity
a: no special abilities


You were on level 2 of the Dungeon.
You were hungry.

You visited 1 branch of the dungeon, and saw 2 of its levels.

You collected 147 gold pieces.

Inventory:

Hand weapons
 a - a +2 dagger (weapon)
 b - a +0 blowgun
Missiles
 e - 8 poisoned needles
 f - 2 curare-tipped needles
Armour
 c - a +0 robe (worn)
 d - a +0 cloak (worn)
Scrolls
 i - 3 scrolls of remove curse {unknown}
 j - 3 scrolls of identify {unknown}
 k - a scroll of fear {unknown}
 q - a scroll of blinking {unknown}
 r - a scroll of fog {unknown}
Potions
 l - a potion of might
 o - a potion of haste {unknown}
 p - a potion of cancellation {unknown}
 s - a potion of curing {unknown}
Comestibles
 g - 2 bread rations
 h - 3 beef jerkies
 m - 3 meat rations


   Skills:
 - Level 1.7 Fighting
 * Level 3.2 Short Blades
 - Level 1.7 Throwing
 + Level 1.3 Dodging
 + Level 5.5 Stealth


You had 3 spell levels left.
You didn't know any spells.

Dungeon Overview and Level Annotations

Branches:
Dungeon (2/15)

Altars:


Innate Abilities, Weirdness & Mutations

You have extremely sharp teeth.
Your natural rate of healing is unusually fast.
When hurt, damage is shared between your health and your magic reserves.
Your bite disrupts and absorbs the magic of your enemies.
Potions and wands cannot restore your health.
You are immune to rotting.


Message History

You are too injured to fight recklessly!
You are too injured to fight recklessly!
You barely miss the adder. Your bite misses the adder.
The adder is severely wounded.
* * * LOW HITPOINT WARNING * * *
You feel sick. The adder bites you but does no damage.
Unknown command.
Drink which item? (? for menu, Esc to quit)
It was a potion of might.
You feel very mighty all of a sudden.
You are feeling hungry.
* * * LOW HITPOINT WARNING * * *
You feel sick. The adder bites you.
* * * LOW HITPOINT WARNING * * *
Unknown command.
Drink which item? (? for menu, Esc to quit)
It was a potion of restore abilities.
You feel refreshed.
* * * LOW HITPOINT WARNING * * *
You feel sick. The adder bites you.
You die...

.....#.# ###........#
.....#.################..#
.....#.#.........# #..#
....##..†....)...# #..#
.(.#####.........# #.
###..###.........#
##....##.........###
#......#.........S.#
..†....#........@#........
#......#.........###.###>
##....############ #
##..## ####


You could see an adder.

Vanquished Creatures
  An adder (D:2)
  5 worms (D:2)
  4 giant geckos
  An ooze (D:2)
  5 bats
  2 giant cockroaches
  5 goblins (D:1)
  3 hobgoblins
  2 jackals (D:1)
  2 kobolds (D:1)
  A quokka (D:2)
  5 rats
36 creatures vanquished.

Notes
Turn   | Place    | Note
--------------------------------------------------------------
     0 | D:1      | HungrySpirit, the Vine Stalker Assassin, began the quest for the Orb.
     0 | D:1      | Reached XP level 1. HP: 11/11 MP: 1/1
   101 | D:1      | Reached skill level 1 in Dodging
   147 | D:1      | Reached XP level 2. HP: 15/15 MP: 3/3
   222 | D:1      | Reached skill level 5 in Stealth
   590 | D:1      | Reached XP level 3. HP: 18/18 MP: 4/4
   801 | D:2      | Reached XP level 4. HP: 23/23 MP: 5/5
  1024 | D:2      | HP: 1/23 [adder (2)]
  1025 | D:2      | Slain by an adder

Action                   |  1- 3 |  4- 6 || total
-------------------------+-------+-------++-------
Melee: Dagger            |    85 |    33 ||   118
  Use: Potion            |       |     2 ||     2
 Stab: Distracted        |     1 |       ||     1
       Sleeping          |     7 |       ||     7
